[Event "Titled Tuesday Blitz December 20 Late 2022"]
[White "Barria Zuniga, Daniel"]
[Black "Janaszak, Dawid"]
[WhiteFideId "3400816"]
[BlackFideId "1119206"]
[WhiteElo "2414"]
[BlackElo "2220"]
[Result "0-1"]
[Round "10"]
[TimeControl "180+1"]
[Date "2022.12.21"]
[WhiteClock "0:01:37"]
[BlackClock "0:01:20"]

1. d4 Nf6 2. c4 e6 3. Nf3 b6 4. g3 a5 5. Bg2 Ba6 6. Qc2 Bb4+ 7. Nbd2 O-O 8. O-O c6 9. Rd1 d5 10. a3 Bd6 11. Ne5 Nfd7 12. Nxd7 Nxd7 13. e4 Rc8 14. b3 e5 15. exd5 cxd5 16. Bxd5 exd4 17. Ne4 Be5 18. Bb2 Nf6 19. Nxf6+ Qxf6 20. Qe4 Rfe8 21. Bxd4 Bxd4 22. Qxd4 Re1+ 0-1


[Site "https://www.chess.com"]

[Event "Titled Tuesday Blitz December 20 Late 2022"]
[White "Bogaudinov, Rushan"]
[Black "Baches Garcia, Guillermo"]
[WhiteFideId "4129288"]
[BlackFideId "2209764"]
[WhiteElo "2028"]
[BlackElo "2461"]
[Result "1/2-1/2"]
[Round "10"]
[TimeControl "180+1"]
[Date "2022.12.21"]
[WhiteClock "0:01:24"]
[BlackClock "0:00:20"]

1. e4 c5 2. Nf3 d6 3. d4 cxd4 4. Nxd4 Nf6 5. Nc3 Nc6 6. Be2 Bd7 7. Nb3 g6 8. h4 h5 9. O-O Bg7 10. a4 O-O 11. Be3 Na5 12. Nd4 Rc8 13. Bg5 Nc4 14. Rb1 Nxb2 15. Rxb2 Rxc3 16. Rxb7 Nxe4 17. Nb5 Bxb5 18. axb5 Nxg5 19. hxg5 Rc7 20. Bf3 Rxb7 21. Bxb7 Qb6 22. Bc6 a6 23. c4 Qc5 24. Qd5 axb5 25. cxb5 Qb6 26. Rd1 Be5 27. g3 Bxg3 28. Rd2 Be5 29. Re2 e6 30. Qe4 Kg7 31. Kg2 Rc8 32. Re3 Rc7 33. Rf3 Ra7 34. Qe3 Bd4 35. Qf4 Be5 36. Qe3 Bd4 37. Qf4 Be5 38. Qe3 1/2-1/2


[Site "https://www.chess.com"]

[Event "Titled Tuesday Blitz December 20 Late 2022"]
[White "Bolanos, Fernando"]
[Black "Carbone, Diego"]
[WhiteFideId "3304094"]
[BlackFideId "3002179"]
[WhiteElo "2166"]
[BlackElo "2266"]
[Result "0-1"]
[Round "10"]
[TimeControl "180+1"]
[Date "2022.12.21"]
[WhiteClock "0:00:01"]
[BlackClock "0:00:03"]

1. e4 e5 2. Nf3 Nc6 3. Bb5 a6 4. Ba4 Nf6 5. O-O Nxe4 6. d4 Be7 7. Re1 b5 8. Bb3 d5 9. dxe5 Be6 10. c3 O-O 11. Nbd2 Nc5 12. Bc2 d4 13. cxd4 Nxd4 14. Nxd4 Qxd4 15. Nf3 Qxd1 16. Rxd1 Rfd8 17. Bg5 Rxd1+ 18. Rxd1 Kf8 19. b3 h6 20. Bxe7+ Kxe7 21. Nd4 Bd7 22. f4 Ne6 23. f5 Nxd4 24. Rxd4 c5 25. Rd2 Rc8 26. Kf2 c4 27. g4 Bc6 28. bxc4 bxc4 29. Ke3 Rb8 30. Be4 Bxe4 31. Kxe4 c3 32. Rc2 Rb4+ 33. Kd5 Rxg4 34. Rxc3 Rg2 35. Rc7+ Ke8 36. a4 Rxh2 37. Ra7 Rd2+ 38. Ke4 Re2+ 39. Kf4 Rf2+ 40. Kg4 Re2 41. Kf4 Rf2+ 42. Kg4 h5+ 43. Kg5 h4 44. Rxa6 h3 45. Ra8+ Ke7 46. Rh8 h2 47. a5 f6+ 48. exf6+ gxf6+ 49. Kg4 Ra2 50. Rh7+ Kd6 51. Kg3 Ke5 0-1


[Site "https://www.chess.com"]

[Event "Titled Tuesday Blitz December 20 Late 2022"]
[White "Boros, Denes"]
[Black "Gubajdullin, Alexei"]
[WhiteFideId "722340"]
[BlackFideId "4141202"]
[WhiteElo "2464"]
[BlackElo "2251"]
[Result "0-1"]
[Round "10"]
[TimeControl "180+1"]
[Date "2022.12.20"]
[WhiteClock "0:00:03"]
[BlackClock "0:00:24"]

1. d4 Nf6 2. Nc3 g6 3. e4 d6 4. Be2 Bg7 5. g4 c5 6. dxc5 Qa5 7. cxd6 Nxe4 8. Bd2 Nxc3 9. bxc3 Qd5 10. Bf3 Qxd6 11. Ne2 Nc6 12. Bf4 Bxc3+ 13. Kf1 Qf6 14. Rb1 Be5 15. Qd2 g5 16. Bxc6+ Qxc6 17. Bxe5 Qxh1+ 18. Ng1 f6 19. f3 fxe5 20. Re1 Rf8 21. Qxg5 Rxf3+ 22. Ke2 Qg2+ 23. Kd1 Bxg4 24. Qg8+ Kd7 25. Qd5+ Ke8 26. Kc1 Rc8 27. Qg8+ Rf8 28. Qb3 Bf5 29. Ne2 Qf2 30. Kd1 Bxc2+ 0-1


[Site "https://www.chess.com"]

[Event "Titled Tuesday Blitz December 20 Late 2022"]
[White "Bortnyk, Olexandr"]
[Black "Caruana, Fabiano"]
[WhiteFideId "14120828"]
[BlackFideId "2020009"]
[WhiteElo "2723"]
[BlackElo "2847"]
[Result "1-0"]
[Round "10"]
[TimeControl "180+1"]
[Date "2022.12.20"]
[WhiteClock "0:00:03"]
[BlackClock "0:00:02"]

1. d4 Nf6 2. Nc3 d5 3. Bf4 e6 4. Nb5 Na6 5. e3 Be7 6. Nf3 O-O 7. Ne5 c6 8. Nc3 c5 9. Bxa6 bxa6 10. Nc6 Qe8 11. Nxe7+ Qxe7 12. O-O Bd7 13. Re1 Rfc8 14. Bg5 h6 15. Bh4 Rab8 16. Rb1 Rb4 17. a3 Rb7 18. h3 a5 19. Qf3 Bc6 20. Qe2 cxd4 21. exd4 Rcb8 22. Qa6 Rb6 23. Qxa5 Rxb2 24. Rxb2 Rxb2 25. Re2 Rb7 26. Qa6 Rb6 27. Qd3 Qxa3 28. Bxf6 gxf6 29. Qg3+ Kf8 30. Re3 Qb4 31. Qf4 Ke7 32. Qc7+ Kf8 33. Qd8+ Be8 34. Qxf6 Qd6 35. Rg3 Rb8 36. Rg7 Qd8 37. Qxh6 Ke7 38. Qg5+ Kd7 39. Qe3 a5 40. Na4 Qc7 41. Nc5+ Kc6 42. g3 Qd6 43. Qc3 Kb6 44. Rg8 Bb5 45. Rg7 Be8 46. h4 Qf8 47. Rg5 Bb5 48. h5 Qh6 49. Qe3 Kc6 50. Qf4 Ra8 51. Qe5 a4 52. Rg7 Rf8 53. Rg6 a3 54. Rxh6 a2 55. Qe1 Ra8 56. Qa1 Bc4 57. Rh7 Rb8 58. Nb3 1-0


[Site "https://www.chess.com"]

[Event "Titled Tuesday Blitz December 20 Late 2022"]
[White "Bryakin, Mikhail"]
[Black "Chigaev, Maksim"]
[WhiteFideId "4165314"]
[BlackFideId "4108116"]
[WhiteElo "2391"]
[BlackElo "2542"]
[Result "0-1"]
[Round "10"]
[TimeControl "180+1"]
[Date "2022.12.20"]
[WhiteClock "0:00:05"]
[BlackClock "0:00:03"]

1. Nf3 Nf6 2. b3 g6 3. Bb2 c5 4. c4 Bg7 5. g3 d6 6. Bg2 O-O 7. O-O e5 8. Nc3 Nc6 9. d3 h6 10. Nd2 Be6 11. e4 Nd7 12. Nd5 Nd4 13. h3 a6 14. Nf3 b5 15. Nxd4 cxd4 16. Ba3 Nc5 17. Bxc5 dxc5 18. f4 Bxd5 19. cxd5 Qd6 20. f5 h5 21. g4 Bh6 22. gxh5 Be3+ 23. Kh1 g5 24. Qg4 f6 25. h6 Kh8 26. Bf3 Rac8 27. Rab1 Rf7 28. a4 Rh7 29. axb5 axb5 30. Ra1 Rxh6 31. Kg2 Bf4 32. Be2 Rh4 33. Qf3 Rc7 34. Qf2 Kg7 35. Bg4 Rh8 36. Ra5 c4 37. bxc4 bxc4 38. dxc4 Rxc4 39. Rfa1 Rhc8 40. Ra7+ R8c7 41. Qe2 Rc3 42. Qd1 Qd7 43. R7a2 d3 44. h4 Rc2+ 45. Kf1 Rc1 46. Rxc1 Rxc1 47. hxg5 fxg5 48. Ra3 Rxd1+ 49. Bxd1 Qb5 50. Ra7+ Kf6 51. d6 d2+ 0-1


[Site "https://www.chess.com"]

[Event "Titled Tuesday Blitz December 20 Late 2022"]
[White "ChessBrah"]
[Black "Sarana, Alexey"]
[BlackFideId "24133795"]
[WhiteElo "2897"]
[BlackElo "2708"]
[Result "1-0"]
[Round "10"]
[TimeControl "180+1"]
[Date "2022.12.21"]
[WhiteClock "0:00:33"]
[BlackClock "0:00:03"]

1. e4 c5 2. Nf3 d6 3. Bb5+ Bd7 4. Bxd7+ Nxd7 5. O-O e6 6. Re1 Be7 7. c4 Ne5 8. d4 Nxf3+ 9. gxf3 cxd4 10. Qxd4 Bf6 11. Qd3 Ne7 12. Nc3 O-O 13. Bf4 Be5 14. Bg3 Nc6 15. f4 Bxc3 16. Qxc3 e5 17. Rad1 Qe7 18. Rd5 Rfd8 19. fxe5 dxe5 20. Bxe5 Qg5+ 21. Bg3 Qg6 22. b4 Re8 23. f3 Rac8 24. b5 Nd8 25. c5 h5 26. Kf2 Ne6 27. Rg1 Qh6 28. Bd6 Red8 29. h4 Rd7 30. Qe5 Re8 31. Qxh5 Qf6 32. Be5 Qe7 33. Qh6 f6 34. Bxf6 Qf7 35. Bxg7 Nxg7 36. Rxg7+ Qxg7 37. Rg5 Ree7 38. c6 bxc6 39. bxc6 Rc7 40. Qd6 Kh7 41. Rxg7+ Rxg7 42. h5 Rcf7 43. Ke3 Rg1 44. c7 Rc1 45. Qg6+ Kh8 46. Qxf7 a5 47. Qe8+ Kh7 48. c8=Q 1-0


[Site "https://www.chess.com"]

[Event "Titled Tuesday Blitz December 20 Late 2022"]
[White "Curtis, John"]
[Black "Battlecruiser_Operational"]
[WhiteFideId "3200256"]
[WhiteElo "2203"]
[BlackElo "2413"]
[Result "1-0"]
[Round "10"]
[TimeControl "180+1"]
[Date "2022.12.21"]
[WhiteClock "0:00:45"]
[BlackClock "0:00:03"]

1. e4 c5 2. Nf3 Nc6 3. Bb5 e6 4. Bxc6 bxc6 5. e5 Ne7 6. O-O Ng6 7. Re1 Be7 8. b3 O-O 9. Bb2 f6 10. Na3 fxe5 11. Nxe5 Nxe5 12. Bxe5 d6 13. Bb2 e5 14. Nc4 Be6 15. d3 Qe8 16. Qe2 Qg6 17. Ne3 Rf4 18. g3 Rf7 19. Ng2 Raf8 20. f4 Bg4 21. Qe4 Qxe4 22. dxe4 exf4 23. Nxf4 Bg5 24. e5 d5 25. Ba3 Bxf4 26. gxf4 Rxf4 27. Bxc5 Re8 28. Bxa7 Re4 29. Rxe4 dxe4 30. Bd4 Rd8 31. c3 Kf7 32. Kf2 Ke6 33. Ke3 Bf3 34. Rg1 g6 35. a4 c5 36. Bxc5 Rd3+ 37. Kf4 Rxc3 38. b4 Ra3 39. a5 Ra4 40. Bd6 Kd7 41. Rc1 Ke6 42. Rc7 h6 43. Re7+ Kd5 44. Rh7 g5+ 45. Kg3 Bd1 46. Rxh6 e3 47. Bc5 e2 48. Bf2 Kxe5 49. Rb6 Kd5 50. Rb5+ Kc4 51. Rxg5 Kxb4 52. Be1+ Kc4 53. h4 Kd3 54. Rd5+ Ke4 55. Rg5 1-0


[Site "https://www.chess.com"]

[Event "Titled Tuesday Blitz December 20 Late 2022"]
[White "D`Arruda, Ricardo D."]
[Black "Bach, Matthias"]
[WhiteFideId "100692"]
[BlackFideId "4603168"]
[WhiteElo "2430"]
[BlackElo "2165"]
[Result "1-0"]
[Round "10"]
[TimeControl "180+1"]
[Date "2022.12.21"]
[WhiteClock "0:00:26"]
[BlackClock "0:00:21"]

1. d4 Nf6 2. Nf3 c5 3. d5 e6 4. Nc3 g6 5. e4 Bg7 6. d6 O-O 7. Bf4 Nc6 8. Bb5 e5 9. Bg5 Re8 10. Nd5 Nd4 11. Nxd4 cxd4 12. O-O h6 13. Bxf6 Bxf6 14. Nc7 Re6 15. Nxa8 Rxd6 16. f4 b6 17. fxe5 Bxe5 18. Bc4 Re6 19. Bxe6 dxe6 20. Qf3 f6 21. c3 Bb7 22. Rad1 Bxa8 23. Qg4 Kf7 24. cxd4 Bxd4+ 25. Kh1 e5 26. Rc1 Bb7 27. Rc2 h5 28. Qe2 Qd6 29. Rfc1 Kg7 30. Rc7+ 1-0


[Site "https://www.chess.com"]

[Event "Titled Tuesday Blitz December 20 Late 2022"]
[White "De Souza, Cristiano Gomes"]
[Black "Mikhalsky, Vladimir"]
[WhiteFideId "2151758"]
[BlackFideId "14144352"]
[WhiteElo "2068"]
[BlackElo "2272"]
[Result "0-1"]
[Round "10"]
[TimeControl "180+1"]
[Date "2022.12.21"]
[WhiteClock "0:02:08"]
[BlackClock "0:02:17"]

1. d4 Nf6 2. c4 g6 3. Nc3 Bg7 4. e4 O-O 5. Nf3 d6 6. Be2 e5 7. O-O Nc6 8. d5 Ne7 9. Ne1 Nd7 10. Be3 f5 11. f3 f4 12. Bf2 g5 13. Nd3 b6 14. b4 Ng6 15. Rc1 Rf7 16. c5 Bf8 17. Nb5 Nf6 18. a4 h5 19. Na3 g4 20. Nc4 h4 21. g3 fxg3 22. hxg3 hxg3 23. Bxg3 Nh5 24. Bf2 g3 25. f4 Qh4 0-1


[Site "https://www.chess.com"]

[Event "Titled Tuesday Blitz December 20 Late 2022"]
[White "Delorme, Axel"]
[Black "Goroshkov, Maksym"]
[WhiteFideId "632023"]
[BlackFideId "14142716"]
[WhiteElo "2478"]
[BlackElo "2258"]
[Result "1/2-1/2"]
[Round "10"]
[TimeControl "180+1"]
[Date "2022.12.20"]
[WhiteClock "0:00:19"]
[BlackClock "0:00:44"]

1. e4 e5 2. Nf3 d6 3. d4 Bg4 4. dxe5 Nd7 5. exd6 Bxd6 6. Be2 Ngf6 7. Nc3 Qe7 8. h3 Bh5 9. Bg5 O-O-O 10. Nd2 Bg6 11. Bd3 h6 12. Be3 Nc5 13. Qf3 Nxd3+ 14. cxd3 Be5 15. Qe2 Rhe8 16. Nc4 Bxc3+ 17. bxc3 Nxe4 18. dxe4 Bxe4 19. Rd1 Bxg2 20. Qg4+ Qe6 21. Rxd8+ Rxd8 22. Qxg2 Qxc4 23. Qg4+ Qe6 24. Qxe6+ fxe6 25. Rg1 g5 26. Ke2 Rd5 27. Rg4 Ra5 28. a4 a6 29. h4 gxh4 30. Rxh4 h5 31. Kd3 Rf5 32. Bd4 Kd7 33. Kc4 Kd6 34. Rh1 Ra5 35. Kb3 Rf5 36. Rd1 Kc6 37. Be3 h4 38. Rh1 Rh5 39. Rh3 Kd5 40. f3 Rf5 41. Bf2 b5 42. axb5 axb5 43. Bxh4 c5 44. Be7 b4 45. cxb4 cxb4 46. Bxb4 Kd4 47. Bc3+ Ke3 48. Kc2 Rxf3 49. Rxf3+ Kxf3 50. Kd3 Kf4 51. Kd2 e5 52. Bxe5+ 1/2-1/2


[Site "https://www.chess.com"]

[Event "Titled Tuesday Blitz December 20 Late 2022"]
[White "Denishev, Marat"]
[Black "Ferreira, Vitor Hugo Vieira"]
[WhiteFideId "24131563"]
[BlackFideId "2119765"]
[WhiteElo "2194"]
[BlackElo "2146"]
[Result "1-0"]
[Round "10"]
[TimeControl "180+1"]
[Date "2022.12.21"]
[WhiteClock "0:00:12"]
[BlackClock "0:00:08"]

1. e4 c5 2. Nf3 d6 3. d4 cxd4 4. Nxd4 Nf6 5. Nc3 a6 6. Nb3 g6 7. Be3 Bg7 8. f3 O-O 9. Qd2 b5 10. h4 h5 11. Bh6 b4 12. Ne2 a5 13. Bxg7 Kxg7 14. Nf4 a4 15. Nc1 Nc6 16. Ncd3 Qb6 17. Nd5 Nxd5 18. exd5 Nd4 19. Rc1 b3 20. cxb3 axb3 21. a3 Nc2+ 22. Kd1 Ra5 23. Nb4 Ne3+ 24. Ke2 Nf5 25. Rh3 Nd4+ 26. Kd3 Bf5+ 27. Ke3 Bxh3 28. Qxd4+ Qxd4+ 29. Kxd4 Bf5 30. Rc7 Kf6 31. Bc4 Rc8 32. Rb7 Rac5 33. Bxb3 e5+ 34. dxe6 fxe6 35. Ke3 Rc1 36. Kf4 Rb1 37. g4 hxg4 38. fxg4 Rf1+ 39. Ke3 Bxg4 40. Nd3 Rf3+ 41. Kd2 Bf5 42. Nb4 Rf2+ 43. Ke3 Rxb2 44. Ba4 Rc3+ 45. Kd4 Rd3+ 46. Kc4 d5+ 47. Kc5 Rc3+ 48. Kd6 Rh2 49. Rh7 g5 50. hxg5+ Kxg5 51. Rxh2 Rxa3 52. Bd7 Kf4 53. Nc6 Kg3 54. Rh6 Ra6 55. Bxe6 Bxe6 56. Rxe6 d4 57. Kc5 d3 58. Rd6 Ra3 59. Kb4 Ra1 60. Rxd3+ Kf4 61. Nd4 Rb1+ 62. Kc3 Rb8 63. Ne6+ Ke5 64. Nc5 Rc8 65. Kc4 Rb8 66. Nd7+ Ke6 67. Nxb8 Ke7 68. Rd5 Ke8 69. Na6 1-0


[Site "https://www.chess.com"]

[Event "Titled Tuesday Blitz December 20 Late 2022"]
[White "Dias, Joao Batista"]
[Black "Belenkaya, Dina"]
[WhiteFideId "2108240"]
[BlackFideId "24142654"]
[WhiteElo "1898"]
[BlackElo "2209"]
[Result "1/2-1/2"]
[Round "10"]
[TimeControl "180+1"]
[Date "2022.12.21"]
[WhiteClock "0:00:04"]
[BlackClock "0:00:06"]

1. e4 d5 2. exd5 Qxd5 3. Nc3 Qe5+ 4. Nge2 c6 5. g3 Nf6 6. Bg2 Bf5 7. O-O Qc7 8. d3 e6 9. Ne4 Bd6 10. Nxd6+ Qxd6 11. Bf4 Qd7 12. Re1 O-O 13. Bg5 Na6 14. Qd2 Bg6 15. Nf4 Nd5 16. Nxg6 hxg6 17. c4 Ne7 18. Rad1 Nf5 19. b4 Nd4 20. Be3 Rfd8 21. Qc3 Rac8 22. a4 c5 23. b5 Nb4 24. Bxd4 Qxd4 25. Qxd4 Rxd4 26. Bxb7 Rcd8 27. a5 R8d7 28. Be4 R7d6 29. Kf1 f5 30. Bg2 Kf7 31. Re3 Kf6 32. h4 Nxd3 33. Rb1 e5 34. b6 axb6 35. axb6 Nb4 36. b7 Rb6 37. Ra3 e4 38. Ra7 Rd8 39. Ra8 Ke7 40. Rc8 Rxb7 41. Rxc5 Rd2 42. Rb5 Rxb5 43. cxb5 Rd4 44. f3 e3 45. f4 Kd6 46. b6 Nc6 47. b7 Nb8 48. Rc1 Rd2 49. Rc8 Rf2+ 50. Ke1 Rxg2 51. Rxb8 Rb2 52. Rd8+ Kc7 53. Re8 Kxb7 54. Rxe3 Rg2 55. Kf1 Rb2 56. Re7+ Kc8 57. Rxg7 Rb6 58. Kf2 Kd8 59. Ke3 Ke8 60. Kd4 Kf8 61. Ra7 Rb3 62. Ke5 Rxg3 63. Kf6 Kg8 64. Rg7+ Kf8 65. Rxg6 Rh3 66. Rh6 Kg8 67. h5 Rh4 68. Kxf5 Kg7 69. Rg6+ Kf7 70. Rg5 Rh1 71. Kg4 Rg1+ 72. Kf5 Rh1 73. Ke5 Re1+ 74. Kf5 Rh1 1/2-1/2


[Site "https://www.chess.com"]

[Event "Titled Tuesday Blitz December 20 Late 2022"]
[White "Donchenko, Alexander"]
[Black "Shuvalova, Polina"]
[WhiteFideId "24603295"]
[BlackFideId "24171760"]
[WhiteElo "2581"]
[BlackElo "2361"]
[Result "0-1"]
[Round "10"]
[TimeControl "180+1"]
[Date "2022.12.20"]
[WhiteClock "0:00:57"]
[BlackClock "0:00:26"]

1. Nf3 Nf6 2. c4 e6 3. g3 d5 4. Bg2 Be7 5. d4 O-O 6. Nc3 Nbd7 7. O-O dxc4 8. e4 b5 9. d5 exd5 10. e5 c6 11. exf6 Bxf6 12. Nd4 Bb7 13. Re1 Ne5 14. Re3 a6 15. b4 Nd3 16. Rxd3 cxd3 17. Qxd3 a5 18. Ba3 Qb6 19. Nb3 axb4 20. Bxb4 Rfe8 21. Bc5 Qc7 22. Nd4 Be7 23. Bxe7 Qxe7 24. Nb3 b4 25. Nd1 Qe1+ 26. Qf1 Ba6 27. Ne3 Bxf1 28. Rxe1 Bxg2 29. Kxg2 Rxa2 30. Rc1 Rxe3 31. Rxc6 g6 32. Nc1 Rb2 33. Rd6 Rc3 0-1


[Site "https://www.chess.com"]

[Event "Titled Tuesday Blitz December 20 Late 2022"]
[White "Dudzinski, Pawel"]
[Black "Smith, Garrett L"]
[WhiteFideId "1117890"]
[BlackFideId "2024829"]
[WhiteElo "2099"]
[BlackElo "2244"]
[Result "1-0"]
[Round "10"]
[TimeControl "180+1"]
[Date "2022.12.21"]
[WhiteClock "0:01:15"]
[BlackClock "0:01:02"]

1. e4 c5 2. Nc3 Nc6 3. g3 Rb8 4. Bg2 b5 5. d3 g6 6. f4 Bg7 7. Nf3 b4 8. Ne2 e6 9. d4 Nxd4 10. Nexd4 cxd4 11. Nxd4 Ba6 12. e5 Ne7 13. Be3 O-O 14. Qd2 Qa5 15. Nb3 Qb5 16. Bxa7 Rbc8 17. Nd4 Qa4 18. b3 Qa3 19. Kf2 Nc6 20. Nxc6 dxc6 21. Bc5 Rfd8 22. Bd6 Bf8 23. Rhd1 c5 24. c4 bxc3 25. Qxc3 c4 26. Bxa3 1-0


[Site "https://www.chess.com"]

[Event "Titled Tuesday Blitz December 20 Late 2022"]
[White "Eljanov, Pavel"]
[Black "Tatarinov, Dmitry"]
[WhiteFideId "14102951"]
[BlackFideId "24160067"]
[WhiteElo "2598"]
[BlackElo "2326"]
[Result "1-0"]
[Round "10"]
[TimeControl "180+1"]
[Date "2022.12.20"]
[WhiteClock "0:00:51"]
[BlackClock "0:00:41"]

1. e4 c6 2. Nf3 d5 3. d3 dxe4 4. dxe4 Qxd1+ 5. Kxd1 g6 6. Nfd2 Bg7 7. a4 f5 8. f3 Nf6 9. Bd3 Nbd7 10. exf5 Nc5 11. fxg6 Nxd3 12. cxd3 hxg6 13. Nc3 g5 14. Nde4 g4 15. Nxf6+ exf6 16. fxg4 Bxg4+ 17. Kc2 Be6 18. Bf4 O-O-O 19. Rae1 Bf5 20. Ne4 Bf8 21. Rhf1 Bb4 22. Re3 Rhe8 23. h3 Bg6 24. Rff3 b6 25. Nxf6 Rf8 26. Ne4 Kb7 27. g4 Ka6 28. h4 c5 29. h5 Bh7 30. b3 Rd5 31. Bg3 Rfd8 32. Nf6 c4 33. bxc4 Rxd3 34. Rxd3 Bxd3+ 35. Rxd3 1-0


[Site "https://www.chess.com"]

[Event "Titled Tuesday Blitz December 20 Late 2022"]
[White "Fernandez De La Vara, Arnaldo"]
[Black "Zhukov, Maksim"]
[WhiteFideId "3518388"]
[BlackFideId "34181790"]
[WhiteElo "2387"]
[BlackElo "1929"]
[Result "1-0"]
[Round "10"]
[TimeControl "180+1"]
[Date "2022.12.21"]
[WhiteClock "0:02:26"]
[BlackClock "0:02:12"]

1. Nf3 Nf6 2. g3 g6 3. b3 Bg7 4. Bb2 O-O 5. Bg2 d6 6. d4 Nbd7 7. c4 e5 8. dxe5 Ng4 9. O-O Ngxe5 10. Qd2 Nxf3+ 11. Bxf3 Ne5 12. Bg2 c6 13. Nc3 Qc7 14. Ne4 Rd8 15. Rad1 Bf5 16. Nxd6 Nd3 17. Bxg7 Rxd6 18. Ba1 Rad8 19. Qc3 1-0


[Site "https://www.chess.com"]

[Event "Titled Tuesday Blitz December 20 Late 2022"]
[White "Figorito, Nick"]
[Black "gshwbedhkhd"]
[WhiteFideId "30923689"]
[WhiteElo "2422"]
[BlackElo "2573"]
[Result "0-1"]
[Round "10"]
[TimeControl "180+1"]
[Date "2022.12.21"]
[WhiteClock "0:00:15"]
[BlackClock "0:00:37"]

1. Nf3 f5 2. e4 fxe4 3. Ng5 Nf6 4. d3 e3 5. fxe3 e5 6. Be2 Bc5 7. O-O Nc6 8. c3 O-O 9. d4 Bb6 10. b4 d5 11. b5 Ne7 12. dxe5 Ne4 13. Nxe4 dxe4 14. Rxf8+ Qxf8 15. Ba3 Bxe3+ 16. Kh1 Be6 17. Qe1 Rd8 18. c4 Bf2 19. Qc1 Bd4 20. Nc3 Bxe5 21. Rb1 Qe8 22. Bxe7 Qxe7 23. Nd5 Qh4 24. Qg1 c6 25. bxc6 bxc6 26. Nb4 Rb8 27. g3 Bxg3 28. Qxg3 Qxg3 29. hxg3 a5 30. a3 c5 31. Kg2 axb4 32. axb4 Rxb4 33. Rc1 Kf7 34. Kf2 Kf6 35. Ke3 Ke5 36. Rc2 Rb3+ 37. Kf2 Kd4 38. Rd2+ Ke5 39. Rc2 g6 40. Rc1 h5 41. Rc2 e3+ 42. Kg2 Bf5 43. Rc1 Rb2 44. Kf1 Bh3+ 45. Ke1 Ke4 46. Rd1 Rxe2+ 47. Kxe2 Bg4+ 48. Ke1 Bxd1 49. Kxd1 Kd3 50. Ke1 e2 51. g4 hxg4 52. Kf2 Kd2 53. Kg2 g3 54. Kf3 e1=Q 55. Kg4 Qe5 56. Kf3 Qf5+ 57. Kg2 g5 58. Kg1 Qf2+ 59. Kh1 Qh2# 0-1


[Site "https://www.chess.com"]

[Event "Titled Tuesday Blitz December 20 Late 2022"]
[White "Fiorito, Francisco"]
[Black "Mekhitarian, Krikor Sevag"]
[WhiteFideId "180165"]
[BlackFideId "2107660"]
[WhiteElo "2348"]
[BlackElo "2604"]
[Result "0-1"]
[Round "10"]
[TimeControl "180+1"]
[Date "2022.12.20"]
[WhiteClock "0:00:02"]
[BlackClock "0:00:34"]

1. Nf3 b6 2. g3 Bb7 3. Bg2 g6 4. O-O Bg7 5. c4 e5 6. Nc3 f5 7. e4 Ne7 8. exf5 Nxf5 9. Nxe5 Bxg2 10. Re1 O-O 11. Kxg2 Qf6 12. f4 d6 13. Nd5 Qd8 14. Nf3 Nd7 15. d4 c6 16. Nc3 Nf6 17. Qd3 Qd7 18. Bd2 a6 19. Re2 b5 20. Rae1 bxc4 21. Qxc4+ d5 22. Qd3 Nd6 23. Re7 Qc8 24. Ng5 Nf5 25. R7e2 Re8 26. Na4 Rxe2+ 27. Rxe2 Rb8 28. Bc3 h6 29. Ne6 Ne4 30. Nxg7 Kxg7 31. Nc5 Nfd6 32. Nxe4 Nxe4 33. Rxe4 dxe4 34. d5+ Kh7 35. Qxe4 Qe8 36. Qxe8 Rxe8 37. dxc6 Rc8 38. Kf3 Rxc6 39. Ke4 Kg8 40. Kd5 Rb6 41. b4 Kf7 42. a4 Rb8 43. Kc6 Rc8+ 44. Kb6 Rxc3 45. Kxa6 Ke7 46. b5 Kd8 47. Kb6 Kc8 48. a5 Kb8 49. a6 h5 50. Ka5 Ra3+ 51. Kb4 Ra2 52. b6 Rxa6 53. Kb5 Ra2 0-1


[Site "https://www.chess.com"]

[Event "Titled Tuesday Blitz December 20 Late 2022"]
[White "Fiorito, Joaquin"]
[Black "Kleiman, Jake"]
[WhiteFideId "180173"]
[BlackFideId "2020041"]
[WhiteElo "2157"]
[BlackElo "2653"]
[Result "0-1"]
[Round "10"]
[TimeControl "180+1"]
[Date "2022.12.21"]
[WhiteClock "0:01:26"]
[BlackClock "0:00:52"]

1. d4 Nf6 2. Nc3 d5 3. Bf4 e6 4. Nb5 Bd6 5. Nxd6+ cxd6 6. Nf3 O-O 7. e3 Nc6 8. Be2 Re8 9. O-O h6 10. c4 e5 11. Bg3 Bg4 12. cxd5 Nxd5 13. Nxe5 dxe5 14. Bxg4 exd4 15. exd4 Nf6 16. Bf3 Nxd4 17. Bxb7 Ne2+ 18. Kh1 Nxg3+ 19. hxg3 Rb8 20. Bf3 Rxb2 21. Qa4 Qb6 22. Kg1 Re5 23. Qc4 g6 24. a4 a5 25. Rad1 Kg7 26. Qc8 Re8 27. Qc3 h5 28. Rd6 Qxd6 29. Qxb2 Rd8 30. Qb5 Qd2 31. Rd1 Qxd1+ 32. Bxd1 Rxd1+ 33. Kh2 Ng4+ 34. Kh3 Rh1# 0-1


[Site "https://www.chess.com"]

[Event "Titled Tuesday Blitz December 20 Late 2022"]
[White "Gatterer, Florian"]
[Black "Bas Mas, Jose Joaquin"]
[WhiteFideId "811688"]
[BlackFideId "22219064"]
[WhiteElo "2218"]
[BlackElo "2233"]
[Result "1/2-1/2"]
[Round "10"]
[TimeControl "180+1"]
[Date "2022.12.21"]
[WhiteClock "0:02:03"]
[BlackClock "0:01:48"]

1. d4 Nf6 2. Nf3 d5 3. g3 e6 4. Bg2 Be7 5. O-O O-O 6. c4 dxc4 7. Ne5 Nc6 8. Bxc6 bxc6 9. Nxc6 Qe8 10. Nxe7+ Qxe7 11. Qa4 e5 12. dxe5 Qxe5 13. Bf4 Qxe2 14. Nc3 Qf3 15. Qd1 Qc6 16. f3 Bf5 17. Qd2 Rad8 18. Qf2 Qb6 19. Be3 1/2-1/2


[Site "https://www.chess.com"]

[Event "Titled Tuesday Blitz December 20 Late 2022"]
[White "Gerbelli Neto, Eduardo"]
[Black "Gasparyan, David"]
[WhiteFideId "2103281"]
[BlackFideId "13311980"]
[WhiteElo "2178"]
[BlackElo "2446"]
[Result "1/2-1/2"]
[Round "10"]
[TimeControl "180+1"]
[Date "2022.12.21"]
[WhiteClock "0:00:09"]
[BlackClock "0:00:09"]

1. e4 c5 2. Nc3 g6 3. f4 Bg7 4. Nf3 Nc6 5. Bc4 e6 6. f5 Nd4 7. fxe6 dxe6 8. d3 Ne7 9. O-O Nxf3+ 10. Qxf3 O-O 11. Bg5 Qd4+ 12. Be3 Qe5 13. Qf2 b6 14. Bf4 Qd4 15. Be3 Qd6 16. Bf4 Qc6 17. Qh4 f6 18. Qg3 Kh8 19. Bd6 Re8 20. Bb5 Qb7 21. Bxe8 e5 22. Bxe7 Qxe7 23. Bc6 Rb8 24. Nd5 Qd6 25. Bb5 a6 26. Bc4 b5 27. Bb3 c4 28. dxc4 bxc4 29. Bxc4 Qc5+ 30. Ne3 Bh6 31. Rae1 Bxe3+ 32. Qxe3 Qxc4 33. Rxf6 Be6 34. b3 Qc8 35. Qg5 Rb5 36. c4 Qc5+ 37. Kh1 Rb6 38. Ref1 Kg7 39. Rf8 Bg8 40. Qd8 Be6 41. Qf6+ Kh6 42. Re8 Bg4 43. Qh4+ Bh5 44. g4 Qc6 45. g5+ Kg7 46. Rff8 Rb7 47. Qf2 Qxe4+ 48. Kg1 Qg4+ 49. Kf1 Qd1+ 50. Kg2 Qg4+ 51. Kf1 Qd1+ 52. Kg2 Qg4+ 53. Kf1 1/2-1/2


[Site "https://www.chess.com"]

[Event "Titled Tuesday Blitz December 20 Late 2022"]
[White "Goltsev, Dmitry"]
[Black "Tari, Aryan"]
[WhiteFideId "24176710"]
[BlackFideId "1510045"]
[WhiteElo "2327"]
[BlackElo "2620"]
[Result "0-1"]
[Round "10"]
[TimeControl "180+1"]
[Date "2022.12.20"]
[WhiteClock "0:00:19"]
[BlackClock "0:00:14"]

1. e4 c6 2. d4 d5 3. Nc3 dxe4 4. Nxe4 Nf6 5. Ng3 h5 6. h4 g6 7. Nf3 Bg7 8. Ne5 O-O 9. Be2 c5 10. dxc5 Qa5+ 11. c3 Qxc5 12. Nd3 Qa5 13. Bg5 Nc6 14. Qd2 Rd8 15. Bh6 Ne5 16. Bxg7 Kxg7 17. O-O Bg4 18. f3 Qc7 19. fxg4 Nxd3 20. Nxh5+ gxh5 21. Bxd3 Qc5+ 22. Kh1 hxg4 23. Rad1 Rd5 24. Qf4 Qd6 25. Qxd6 Rxd6 26. Be2 Rxd1 27. Rxd1 Ne4 28. Kg1 f5 29. Rd7 Kf6 30. Bd3 Nd6 31. g3 Rc8 32. Bc2 Ke6 33. Ba4 b5 34. Rxa7 bxa4 35. Rxa4 Ne4 36. Kg2 Rb8 37. Rb4 Rd8 38. Rd4 Rxd4 39. cxd4 Kd5 40. h5 Kxd4 41. h6 Ng5 42. a4 e5 43. a5 Kc5 44. b4+ Kb5 45. Kf2 f4 46. Kg2 f3+ 47. Kf2 e4 48. Ke3 Nh7 49. Kf2 Nf6 50. Ke3 Nd5+ 51. Kxe4 f2 52. h7 f1=Q 53. h8=Q Qf3+ 0-1


[Site "https://www.chess.com"]